 Dungeon Crawl Stone Soup version 0.23-a0-636-g0ff6057 (webtiles) character file.

999 galech the Chopper (level 8, 0/60 HPs)
             Began as a Demonspawn Fighter on Dec 28, 2018.
             Slain by Prince Ribbit (10 damage)
             ... on level 5 of the Dungeon.
             The game lasted 00:05:22 (4603 turns).

galech the Chopper (Demonspawn Fighter)             Turns: 4603, Time: 00:05:22

Health: 0/60       AC: 11    Str: 17    XL:     8   Next: 0%
Magic:  17/17      EV:  8    Int: 12    God:
Gold:   261        SH: 13    Dex: 14    Spells: 7/7 levels left

rFire    x . .     SeeInvis +   a - +0 war axe
rCold    . . .     Gourm    .   c - +0 shield
rNeg     . . .     Faith    .   b - +0 scale mail
rPois    .         Spirit   .   p - +2 helmet "Hiarchiash" {rF- Int+2 SInv}
rElec    .         Reflect  .   (no cloak)
rCorr    .         Harm     .   n - +0 pair of gloves
MR       .....                  (no boots)
Stlth    ..........             k - amulet of the acrobat
HPRegen  0.20/turn              (no ring)
MPRegen  0.15/turn              u - ring of magical power

@: no status effects
A: hooves 2, large bone plates 1, rot immunity
a: no special abilities


You were on level 5 of the Dungeon.
You were not hungry.

You visited 1 branch of the dungeon, and saw 5 of its levels.

You collected 261 gold pieces.

Inventory:

Hand Weapons
 a - a +0 war axe (weapon)
Armour
 b - a +0 scale mail (worn)
 c - a +0 shield (worn)
 n - a +0 pair of gloves (worn)
 p - the +2 helmet "Hiarchiash" (worn) {rF- Int+2 SInv}
   (You found it on level 4 of the Dungeon)

   It affects your intelligence (+2).
   It makes you vulnerable to fire.
   It lets you see invisible.
Jewellery
 k - an amulet of the acrobat (around neck)
 u - a ring of magical power (right hand)
 x - an uncursed ring of ice
Wands
 z - a wand of flame (12)
 C - a wand of iceblast (7)
Scrolls
 e - 4 scrolls of teleportation
 g - a scroll of enchant armour
 i - 2 scrolls of magic mapping
 m - a scroll of noise {unknown}
 r - 2 scrolls of random uselessness {unknown}
 t - 5 scrolls of amnesia
 v - 3 scrolls of remove curse
 w - a scroll of enchant weapon {unknown}
 y - a scroll of identify
 B - a scroll of immolation {unknown}
Potions
 d - a potion of might
 h - a potion of lignification {unknown}
 j - 3 potions of heal wounds {unknown}
 l - a potion of invisibility
 o - a potion of magic {unknown}
 q - a potion of flight {unknown}
 s - a potion of degeneration {unknown}
 A - a potion of experience {unknown}
Comestibles
 f - 8 rations


   Skills:
 + Level 3.9 Fighting
 + Level 5.5 Axes
 + Level 5.0 Armour
 + Level 1.9 Dodging
 + Level 0.6 Stealth
 + Level 4.5 Shields


You had 7 spell levels left.
You didn't know any spells.
Your spell library contained the following spells:

 Spells                   Type           Power        Failure   Level  Hunger
 Animate Skeleton         Necr           N/A          99%         1    ##.....
 Apportation              Tloc           #.....       99%         1    ##.....
 Confusing Touch          Hex            #.....       99%         1    ##.....
 Summon Small Mammal      Summ           #...         99%         1    ##.....


Dungeon Overview and Level Annotations

Branches:
Dungeon (5/15)
 Temple: D:4-7

Altars:
Kikubaaqudgha
Trog
Wu Jian

Annotations:
D:4 3 runed doors, galech's ghost, amateur DsFi
D:5 Prince Ribbit


Innate Abilities, Weirdness & Mutations

You have hoof-like feet.
You are partially covered in large bone plates. (SH +4)
You are immune to rotting.


Message History

You miss Prince Ribbit.
Prince Ribbit is moderately wounded.
Prince Ribbit barely misses you.
Prince Ribbit hits you but does no damage.
You closely miss Prince Ribbit.
You kick Prince Ribbit, but do no damage.
Prince Ribbit is moderately wounded.
You block Prince Ribbit's attack. x2
You closely miss Prince Ribbit.
Prince Ribbit is moderately wounded.
Prince Ribbit hits you.
* * * LOW HITPOINT WARNING * * *
You barely miss Prince Ribbit.
Prince Ribbit is moderately wounded.
You block Prince Ribbit's attack.
Prince Ribbit hits you but does no damage.
You closely miss Prince Ribbit. Your kick misses Prince Ribbit.
Prince Ribbit is moderately wounded.
Prince Ribbit hits you!
You die...

#....# ##.....## #.# #.#
######.## ##.......## ##.####.#
........####...(.....####.....#.#
.###.......+.........'.^.........
#....##.#.........####...###.#
#.#)## ##.......## #..## #.#
#.<)# ##.....## #.... ..# #.#.#
##...## #.####### #..... ##@##
#.# #.#.### #F# #.# ....# #.# #.#
##.### ##.## #. ##...## #g
####.....# #........#
##.####.#.######.#
.................#


You could see Prince Ribbit.

Vanquished Creatures
  Pikel (D:4)
  Edmund (D:4)
  A slave (D:3)
  A phantom (D:4)
  A scorpion (D:4)
  A hound (D:4)
  An orc priest (D:3)
  A worker ant (D:5)
  Ijyb (D:3)
  8 adders
  3 gnolls (D:5)
  An ooze (D:1)
  3 worms
  2 dart slugs
  3 leopard geckos
  6 orcs (D:3)
  3 giant cockroaches
  15 goblins
  9 hobgoblins
  9 jackals
  7 bats
  6 frilled lizards
  A kobold (D:3)
  10 rats
95 creatures vanquished.

Vanquished Creatures (others)
  A wizard (D:3)
1 creature vanquished.

Grand Total: 96 creatures vanquished

Notes
Turn   | Place    | Note
-------+----------+-------------------------------------------
     0 | D:1      | galech the Demonspawn Fighter began the quest for the Orb.
     0 | D:1      | Reached XP level 1. HP: 18/18 MP: 1/1
   112 | D:1      | Gained mutation: You have large cloven feet. [demonic
                  | ancestry]
   112 | D:1      | Reached XP level 2. HP: 24/24 MP: 2/2
   328 | D:1      | Reached XP level 3. HP: 28/29 MP: 3/3
  1057 | D:2      | Reached XP level 4. HP: 28/35 MP: 4/4
  1096 | D:2      | Found an ancient bone altar of Kikubaaqudgha.
  2155 | D:3      | Gained mutation: You are partially covered in large bone
                  | plates. (SH +4) [demonic ancestry]
  2155 | D:3      | Reached XP level 5. HP: 41/41 MP: 5/5
  2468 | D:3      | Found a bloodstained altar of Trog.
  2469 | D:3      | Noticed a wizard
  2485 | D:3      | Killed a wizard
  2625 | D:3      | Noticed Ijyb
  2636 | D:3      | Killed Ijyb
  3181 | D:4      | Noticed a phantom
  3188 | D:4      | Reached skill level 1 in Dodging
  3188 | D:4      | Gained mutation: You have hoof-like feet. [demonic
                  | ancestry]
  3188 | D:4      | Reached XP level 6. HP: 45/47 MP: 6/6
  3423 | D:4      | Noticed a slave
  3426 | D:4      | Got an encrusted helmet
  3428 | D:4      | Noticed a slave
  3429 | D:4      | Noticed Pikel
  3452 | D:3      | Killed a slave
  3459 | D:3      | Identified the +2 helmet "Hiarchiash" {rF- Int+2 SInv} (You
                  | found it on level 4 of the Dungeon)
  3492 | D:4      | Noticed a slave
  3496 | D:4      | Noticed a slave
  3497 | D:4      | Killed Pikel
  3497 | D:4      | Reached skill level 5 in Axes
  3497 | D:4      | Gained mutation: You are immune to rotting. [demonic
                  | ancestry]
  3497 | D:4      | Reached XP level 7. HP: 41/53 MP: 7/7
  3562 | D:4      | Noticed Edmund
  3598 | D:4      | Killed Edmund
  3716 | D:4      | Found an ornate altar of the Wu Jian Council.
  3876 | D:4      | Found a runed gate.
  3876 | D:4      | Found a runed gate.
  3876 | D:4      | Noticed galech's ghost (amateur DsFi)
  3979 | D:4      | Found a runed gate.
  4340 | D:5      | Entered Level 5 of the Dungeon
  4354 | D:5      | Reached skill level 5 in Armour
  4358 | D:5      | Reached XP level 8. HP: 42/60 MP: 8/8
  4563 | D:5      | Noticed Prince Ribbit
  4603 | D:5      | Slain by Prince Ribbit

Vault maps used:
D:1:      dpeg_arrival_short_road
D:2:      kb_forest_paths, kiku_gazebo_garden_becter, minmay_misc_feat_enclosed,
          kennysheep_generic_room_5
D:3:      minmay_wonky_spiral, trog_wizard, uniq_ijyb
D:4:      lemuel_doored_altar, first_ration, gammafunk_ghost_split, uniq_edmund,
          uniq_pikel
D:5:      overflow_temple_1_default, uniq_prince_ribbit1

Skill      XL: |  1  2  3  4  5  6  7 |
---------------+----------------------+-----
Axes           | 2 3 4 5 |  5.5
Armour         | 3 4 5 |  5.0
Shields        | 3 4 |  4.5
Dodging        | 1 |  1.9
Fighting       | |  3.9
Stealth        | |  0.6

Action                   |  1- 3 |  4- 6 |  7- 9 || total
-------------------------+-------+-------+-------++-------
Melee: War axe           |   104 |   182 |    76 ||   362
       Kick              |    21 |    43 |    20 ||    84
  Use: Scroll            |       |     7 |       ||     7
       Potion            |       |     2 |       ||     2
  Eat: Chunk             |     1 |     7 |     4 ||    12
Armor: Scale mail        |    45 |    66 |    19 ||   130
Dodge: Dodged            |    32 |    58 |    22 ||   112
Block: Shield            |    61 |   107 |    47 ||   215

Table legend:
 A = Non-vault XP
 B = Vault XP
 C = Vault XP percentage of total XP
 D = Non-vault monster count
 E = Vault monster count
 F = Vault count percentage of total count
                 A         B        C        D         E       F
            +---------+---------+-------+---------+---------+-------
      Total |     562 |     866 |  60.6 |      79 |      15 |  16.0
            +---------+---------+-------+---------+---------+-------
        D:1 |      56 |       0 |   0.0 |      27 |       0 |   0.0
        D:2 |      62 |      42 |  40.4 |      20 |       9 |  31.0
        D:3 |     122 |      41 |  25.2 |      24 |       4 |  14.3
        D:4 |     244 |     783 |  76.2 |       4 |       2 |  33.3
        D:5 |      78 |       0 |   0.0 |       4 |       0 |   0.0
            +---------+---------+-------+---------+---------+-------
